[Event "European Online Club-ch-H 2021"]
[Site "Online"]
[Date "2021.03.27"]
[Round "8.14"]
[White "Aabling-Thomsen, Jakob"]
[Black "Asadli, Vugar"]
[Result "0-1"]
[ECO "B10"]
[WhiteElo "2348"]
[BlackElo "2572"]
[Annotator "ChessBase"]
[PlyCount "104"]
[EventDate "2021.03.27"]
[EventType "team-tourn"]
[EventCountry "NET"]
[SourceTitle "playchess.com"]
[Source "ChessBase"]
[SourceQuality "1"]
[TimeControl "900+5"]

1. e4 c6 2. d3 d5 3. Nd2 e5 4. Ngf3 Bd6 5. g3 Nf6 6. Bg2 O-O 7. O-O Re8 8. Re1 Bg4 9. h3 Bh5 10. Nf1 Nbd7 11. Ne3 dxe4 12. dxe4 Nc5 13. Nf5 Bc7 14. Qxd8 Raxd8 15. Bg5 Ncxe4 16. Rxe4 Nxe4 17. Bxd8 Rxd8 18. Re1 Bxf3 19. Bxf3 Ng5 20. Bg4 g6 21. Ne3 f5 22. h4 Nf7 23. Be2 Kg7 24. h5 Kf6 25. hxg6 hxg6 26. Kg2 e4 27. Rh1 b5 28. Kf1 Bb6 29. Ke1 Ng5 30. Ng2 a5 31. Nf4 Bc7 32. Ng2 a4 33. Ne3 Be5 34. Nd1 Bd4 35. c3 Be5 36. a3 Rb8 37. Ne3 Rd8 38. Nc2 Bd6 39. Nd4 Rc8 40. Kd2 Bc5 41. Kc2 Bxd4 42. cxd4 Ne6 43. Rd1 Rh8 44. d5 cxd5 45. Rxd5 Rh2 46. Bxb5 Rxf2+ 47. Kb1 Nc7 48. Rd6+ Ke5 49. Rb6 Nxb5 50. Rxb5+ Kd4 51. Rb4+ Kd3 52. Rxa4 e3 0-1

[Event "European Online Club-ch-H 2021"]
[Site "Online"]
[Date "2021.03.27"]
[Round "8.15"]
[White "Suleymanli, Aydin"]
[Black "Carstensen, Jacob"]
[Result "1-0"]
[ECO "E25"]
[WhiteElo "2512"]
[BlackElo "2361"]
[Annotator "ChessBase"]
[PlyCount "75"]
[EventDate "2021.03.27"]
[EventType "team-tourn"]
[EventCountry "NET"]
[SourceTitle "playchess.com"]
[Source "ChessBase"]
[SourceQuality "1"]
[TimeControl "900+5"]

1. d4 Nf6 2. c4 e6 3. Nc3 Bb4 4. f3 d5 5. a3 Bxc3+ 6. bxc3 c5 7. cxd5 Nxd5 8. dxc5 f5 9. Nh3 O-O 10. Nf4 Nc6 11. Nxd5 exd5 12. Bf4 Be6 13. Qd2 Qa5 14. Bd6 Rfd8 15. e3 b6 16. Bc7 Rdc8 17. cxb6 axb6 18. Bd6 Rd8 19. Bf4 Qc5 20. a4 Na5 21. Qb2 Rdc8 22. Ra3 h6 23. h4 Bf7 24. Bd3 Nc4 25. Bxc4 Qxc4 26. Be5 Rxa4 27. Rxa4 Qxa4 28. Bd4 Qc4 29. Kf2 Ra8 30. Ra1 Rxa1 31. Qxa1 Qc6 32. Qa7 h5 33. Qb8+ Kh7 34. Qd8 b5 35. Qe7 Qe8 36. Qc7 Kg6 37. Qg3+ Kh6 38. Qxg7# 1-0

[Event "European Online Club-ch-H 2021"]
[Site "Online"]
[Date "2021.03.27"]
[Round "8.16"]
[White "Hald Falkesgaard, Jeppe"]
[Black "Ahmadzada, Ahmad"]
[Result "0-1"]
[ECO "E73"]
[WhiteElo "1986"]
[BlackElo "2431"]
[Annotator "NA"]
[PlyCount "70"]
[EventDate "2021.03.27"]
[EventType "team-tourn"]
[EventCountry "NET"]
[SourceTitle "playchess.com"]
[Source "ChessBase"]
[SourceQuality "1"]
[TimeControl "900+5"]

1. c4 Nf6 2. Nc3 g6 3. e4 d6 4. d4 Bg7 5. h3 O-O 6. Be2 c5 7. d5 e6 8. Nf3 exd5 9. cxd5 Re8 10. Qc2 Na6 11. a3 Nc7 12. O-O Rb8 13. a4 Na6 14. Bg5 Nb4 15. Qd2 a6 16. Qf4 Nh5 17. Qc1 Qc7 18. Nd2 h6 19. Bh4 Nf4 20. Bg3 Nxe2+ 21. Nxe2 b5 22. Nc3 Bd7 23. f4 f5 24. Nf3 fxe4 25. Nh4 Bf5 26. Qd1 Qf7 27. Qe2 Nxd5 28. axb5 Nxc3 29. bxc3 axb5 30. Ra6 d5 31. Bf2 e3 32. Bg3 d4 33. Nf3 d3 34. Qe1 d2 35. Qe2 Qc4 0-1

[Event "European Online Club-ch-H 2021"]
[Site "Online"]
[Date "2021.03.27"]
[Round "8.17"]
[White "Nagy, Gabor"]
[Black "Parvanyan, Ashot"]
[Result "1-0"]
[ECO "A34"]
[WhiteElo "2509"]
[BlackElo "2436"]
[Annotator "ChessBase"]
[PlyCount "55"]
[EventDate "2021.03.27"]
[EventType "team-tourn"]
[EventCountry "NET"]
[SourceTitle "playchess.com"]
[Source "ChessBase"]
[SourceQuality "1"]
[TimeControl "900+5"]

1. Nf3 Nf6 2. c4 c5 3. Nc3 d5 4. cxd5 Nxd5 5. g3 Nc6 6. Bg2 Nc7 7. O-O e5 8. a3 f6 9. e3 Be7 10. d4 cxd4 11. exd4 exd4 12. Ne2 Ne6 13. Nf4 Nxf4 14. Bxf4 O-O 15. b4 a6 16. Qb3+ Kh8 17. Rad1 Bg4 18. h3 Bh5 19. Qb2 Bxf3 20. Bxf3 Qd7 21. Bxc6 Qxc6 22. Rfe1 Bd8 23. Rxd4 Rc8 24. Rd6 Qf3 25. Rd7 Bb6 26. Qe2 Qc6 27. Rd6 Qb5 28. Qxb5 1-0

[Event "European Online Club-ch-H 2021"]
[Site "Online"]
[Date "2021.03.27"]
[Round "8.18"]
[White "Olsen, Filip Boe"]
[Black "Mihok, Oliver"]
[Result "0-1"]
[ECO "E71"]
[WhiteElo "2379"]
[BlackElo "2540"]
[Annotator "ChessBase"]
[PlyCount "62"]
[EventDate "2021.03.27"]
[EventType "team-tourn"]
[EventCountry "NET"]
[SourceTitle "playchess.com"]
[Source "ChessBase"]
[SourceQuality "1"]
[TimeControl "900+5"]

1. d4 Nf6 2. c4 g6 3. Nc3 Bg7 4. e4 d6 5. h3 e5 6. d5 Na6 7. g4 Nc5 8. f3 h5 9. g5 Nh7 10. h4 f6 11. Nh3 Bxh3 12. gxf6 Bxf6 13. Bxh3 Bxh4+ 14. Ke2 a5 15. Be3 O-O 16. Qg1 Qf6 17. Rf1 Bg5 18. f4 exf4 19. Bd4 f3+ 20. Kd1 Qf4 21. Kc2 b6 22. Rh2 Rae8 23. Kb1 Nxe4 24. Be6+ Rxe6 25. dxe6 Nd2+ 26. Rxd2 Qxd2 27. Nd5 Qd3+ 28. Ka1 c6 29. Rd1 Qc2 30. Nc7 f2 31. Qf1 Qxd1+ 0-1

[Event "European Online Club-ch-H 2021"]
[Site "Online"]
[Date "2021.03.27"]
[Round "8.19"]
[White "Glek, Igor"]
[Black "Pajeken, Jakob Leon"]
[Result "1-0"]
[ECO "C47"]
[WhiteElo "2475"]
[BlackElo "2323"]
[Annotator "ChessBase"]
[PlyCount "95"]
[EventDate "2021.03.27"]
[EventType "team-tourn"]
[EventCountry "NET"]
[SourceTitle "playchess.com"]
[Source "ChessBase"]
[SourceQuality "1"]
[TimeControl "900+5"]

1. e4 e5 2. Nf3 Nc6 3. Nc3 Nf6 4. g3 d5 5. exd5 Nxd5 6. Bg2 Nxc3 7. bxc3 Bc5 8. O-O O-O 9. d3 h6 10. Rb1 Bb6 11. Re1 Qf6 12. Qe2 Bg4 13. h3 Bh5 14. g4 Bg6 15. g5 hxg5 16. Nxg5 Rfe8 17. Be3 Rad8 18. Qg4 Qf5 19. Be4 Qxg4+ 20. hxg4 Bxe4 21. Nxe4 f6 22. Kg2 Ne7 23. Bd2 Rd7 24. c4 c5 25. Rb5 Rc8 26. Be3 Nc6 27. Reb1 Nb4 28. Rb2 Rc6 29. Bxc5 Na6 30. Bxb6 axb6 31. Rxb6 Rcc7 32. Kf3 Kf7 33. Nd6+ Ke7 34. Nxb7 Nc5 35. Nxc5 Rxc5 36. Rb7 Ra5 37. Ke3 g6 38. Rxd7+ Kxd7 39. Rb7+ Ke6 40. Rb6+ Ke7 41. Rb2 Ke6 42. Kd2 Ra3 43. Rb6+ Ke7 44. g5 fxg5 45. Rxg6 Rxa2 46. Rxg5 Kf6 47. Rg4 Ra1 48. c5 1-0

[Event "European Online Club-ch-H 2021"]
[Site "Online"]
[Date "2021.03.27"]
[Round "8.20"]
[White "Arndt, Magnus"]
[Black "Meessen, Rudolf"]
[Result "1/2-1/2"]
[ECO "C14"]
[WhiteElo "2282"]
[BlackElo "2223"]
[Annotator "NA"]
[PlyCount "74"]
[EventDate "2021.03.27"]
[EventType "team-tourn"]
[EventCountry "NET"]
[SourceTitle "playchess.com"]
[Source "ChessBase"]
[SourceQuality "1"]
[TimeControl "900+5"]

1. e4 e6 2. d4 d5 3. Nc3 Nf6 4. Bg5 Be7 5. e5 Nfd7 6. Bxe7 Qxe7 7. f4 a6 8. Nf3 c5 9. dxc5 Nc6 10. Bd3 Qxc5 11. Qd2 b5 12. Qf2 b4 13. Ne2 Qxf2+ 14. Kxf2 Nc5 15. Ke3 f6 16. Ned4 Nxd4 17. Kxd4 Nd7 18. a3 Rb8 19. b3 O-O 20. Rhe1 fxe5+ 21. fxe5 h6 22. axb4 Rxb4+ 23. Kc3 Rg4 24. Nd4 Nc5 25. g3 Nxd3 26. Kxd3 Rf2 27. b4 Rxh2 28. b5 axb5 29. Ra8 Rxd4+ 30. Kxd4 Rxc2 31. Rb1 Rc4+ 32. Kd3 b4 33. Rb8 Kh7 34. R1xb4 Rc1 35. R4b6 Rc4 36. Rd6 Kg6 37. Ke3 Kf5 1/2-1/2

[Event "European Online Club-ch-H 2021"]
[Site "Online"]
[Date "2021.03.27"]
[Round "9.1"]
[White "Parvanyan, Ashot"]
[Black "Samani, Yamac"]
[Result "1-0"]
[ECO "A50"]
[WhiteElo "2436"]
[BlackElo "2246"]
[Annotator "NA"]
[PlyCount "195"]
[EventDate "2021.03.27"]
[EventType "team-tourn"]
[EventCountry "NET"]
[SourceTitle "playchess.com"]
[Source "ChessBase"]
[SourceQuality "1"]
[TimeControl "900+5"]

1. Nf3 Nf6 2. c4 b6 3. g3 Bb7 4. Bg2 g6 5. O-O Bg7 6. d4 O-O 7. d5 Na6 8. Nc3 Nc5 9. Nd4 e5 10. Nc2 a5 11. b3 d6 12. Rb1 Bc8 13. e4 Bd7 14. Ne1 Ne8 15. Nd3 f5 16. f3 Nf6 17. Nf2 f4 18. g4 g5 19. Nd3 h5 20. h3 Kf7 21. a3 hxg4 22. hxg4 Rh8 23. b4 Nxd3 24. Qxd3 Qg8 25. Kf2 axb4 26. axb4 Rh2 27. Rg1 Qh7 28. Kf1 Bf8 29. Bd2 Be7 30. Be1 Ra3 31. Qd1 Qh8 32. Ra1 Rxa1 33. Qxa1 Bxg4 34. fxg4 Nxg4 35. Nd1 f3 36. Bg3 Rxg2 37. Rxg2 Qh3 38. Qb2 Nf6 39. Nc3 Nh5 40. Qf2 g4 41. Kg1 Bg5 42. Rh2 Qxg3+ 43. Qxg3 Nxg3 44. Kf2 Bf4 45. Rh4 Bd2 46. Kxg3 Be1+ 47. Kxg4 Bxh4 48. Kxf3 Be1 49. Nb5 Bxb4 50. Nxc7 Bc5 51. Kg4 Kg6 52. Ne6 Be3 53. Nf8+ Kf7 54. Nd7 Kg6 55. Nb8 Bc5 56. Nc6 Be3 57. Ne7+ Kf6 58. Nf5 Bc5 59. Kh5 Bb4 60. Nh6 Bd2 61. Ng4+ Kg7 62. Nh2 Kf6 63. Nf3 Be3 64. Nh4 Bf2 65. Ng6 Be3 66. Nf8 Kf7 67. Nd7 Ke7 68. Nb8 Kf6 69. Na6 Bd2 70. Nc7 Be3 71. Ne6 Bd2 72. Nd8 Be1 73. Nc6 Bd2 74. Na7 Be3 75. Nc8 Bc5 76. Kh6 Kf7 77. Kg5 Ke8 78. Na7 Kd7 79. Kf6 Bb4 80. Nc6 Be1 81. Kf7 Bh4 82. Nb4 Bf2 83. Nd3 Bh4 84. Nc1 Bf2 85. Ne2 Be1 86. Ng1 Bf2 87. Nf3 Bc5 88. Nh4 Bf2 89. Ng6 Bc5 90. Nf8+ Kc7 91. Ke7 Bb4 92. Nd7 Ba3 93. Nf6 b5 94. cxb5 Kb6 95. Ne8 Bc5 96. Nxd6 Kc7 97. Ke6 Bd4 98. Nc4 1-0

[Event "European Online Club-ch-H 2021"]
[Site "Online"]
[Date "2021.03.27"]
[Round "9.2"]
[White "Agdelen, Huseyin Can"]
[Black "Olsen, Filip Boe"]
[Result "1-0"]
[ECO "B94"]
[WhiteElo "2206"]
[BlackElo "2379"]
[Annotator "NA"]
[PlyCount "49"]
[EventDate "2021.03.27"]
[EventType "team-tourn"]
[EventCountry "NET"]
[SourceTitle "playchess.com"]
[Source "ChessBase"]
[SourceQuality "1"]
[TimeControl "900+5"]

1. e4 c5 2. Nf3 d6 3. d4 cxd4 4. Nxd4 Nf6 5. Nc3 a6 6. Bg5 Nbd7 7. Qe2 h6 8. Bh4 g6 9. f4 e5 10. fxe5 dxe5 11. O-O-O Qc7 12. Nb3 b5 13. Rxd7 Nxd7 14. Nd5 Qb8 15. Na5 Bd6 16. Qd2 g5 17. Bf2 O-O 18. h4 f6 19. hxg5 hxg5 20. Qd1 Nc5 21. Qh5 Qa7 22. Qh8+ Kf7 23. Qxf6+ Ke8 24. Qxd6 Ne6 25. Bxa7 1-0

[Event "European Online Club-ch-H 2021"]
[Site "Online"]
[Date "2021.03.27"]
[Round "9.3"]
[White "Pajeken, Jakob Leon"]
[Black "Sertbay, Huseyin"]
[Result "1-0"]
[ECO "A43"]
[WhiteElo "2323"]
[BlackElo "2101"]
[Annotator "NA"]
[PlyCount "79"]
[EventDate "2021.03.27"]
[EventType "team-tourn"]
[EventCountry "NET"]
[SourceTitle "playchess.com"]
[Source "ChessBase"]
[SourceQuality "1"]
[TimeControl "900+5"]

1. d4 Nf6 2. Nf3 c5 3. d5 e6 4. Nc3 d6 5. e4 exd5 6. exd5 g6 7. Bb5+ Nbd7 8. O-O Bg7 9. Re1+ Kf8 10. Bf4 Qc7 11. Qe2 Kg8 12. Ng5 Bf8 13. Qf3 a6 14. Bxd7 Qxd7 15. Bxd6 Qf5 16. Bxf8 Kxf8 17. Qe3 Kg7 18. Nxf7 Re8 19. Nd6 Rxe3 20. Nxf5+ Bxf5 21. Rxe3 Kf7 22. Rae1 Re8 23. Rxe8 Nxe8 24. Ne4 b6 25. Ng5+ Kf6 26. Nxh7+ Kg7 27. Rxe8 Kxh7 28. d6 Kg7 29. d7 Bxd7 30. Re7+ Kf6 31. Rxd7 Ke5 32. Rb7 b5 33. Rb6 c4 34. Rxa6 Kd4 35. Rd6+ Kc5 36. Rxg6 b4 37. Rg4 b3 38. cxb3 cxb3 39. axb3 Kd5 40. f3 1-0

[Event "European Online Club-ch-H 2021"]
[Site "Online"]
[Date "2021.03.27"]
[Round "9.4"]
[White "Atasoy, Ata"]
[Black "Arndt, Magnus"]
[Result "0-1"]
[ECO "C84"]
[WhiteElo "1636"]
[BlackElo "2282"]
[Annotator "NA"]
[PlyCount "72"]
[EventDate "2021.03.27"]
[EventType "team-tourn"]
[EventCountry "NET"]
[SourceTitle "playchess.com"]
[Source "ChessBase"]
[SourceQuality "1"]
[TimeControl "900+5"]

1. e4 e5 2. Nf3 Nc6 3. Bb5 a6 4. Ba4 Nf6 5. O-O Be7 6. d3 b5 7. Bb3 O-O 8. a4 b4 9. a5 d6 10. Nbd2 Be6 11. Nc4 Rb8 12. Re1 h6 13. Bd2 Qc8 14. h3 Rd8 15. Re2 Bf8 16. Qe1 Qb7 17. Kh1 Nd7 18. Ba4 Nc5 19. Bxc6 Qxc6 20. Bxb4 Bxc4 21. dxc4 Nxe4 22. Rxe4 Rxb4 23. Qxb4 Qxe4 24. Qc3 Rb8 25. Re1 Qc6 26. b3 Qc5 27. Qd2 g6 28. Nh4 Bg7 29. g3 Kh7 30. Ng2 f5 31. Ne3 e4 32. Nd5 Bd4 33. Re2 Be5 34. b4 Qxc4 35. g4 c6 36. Ne7 Re8 0-1

[Event "European Online Club-ch-H 2021"]
[Site "Online"]
[Date "2021.03.27"]
[Round "9.5"]
[White "Vasli, Aref"]
[Black "Mihok, Oliver"]
[Result "1-0"]
[ECO "B47"]
[WhiteElo "2384"]
[BlackElo "2540"]
[Annotator "ChessBase"]
[PlyCount "99"]
[EventDate "2021.03.27"]
[EventType "team-tourn"]
[EventCountry "NET"]
[SourceTitle "playchess.com"]
[Source "ChessBase"]
[SourceQuality "1"]
[TimeControl "900+5"]

1. e4 c5 2. Nf3 e6 3. d4 cxd4 4. Nxd4 Nc6 5. Nc3 Qc7 6. g3 a6 7. Bg2 Nf6 8. O-O Nxd4 9. Qxd4 Bc5 10. Bf4 d6 11. Qd3 Ng4 12. Na4 e5 13. Bd2 Bd4 14. h3 Nf6 15. c3 Ba7 16. c4 O-O 17. Bg5 Be6 18. Rac1 Rfc8 19. b3 Nd7 20. Rfd1 Bd4 21. Nc3 Qc5 22. Qe2 b5 23. Nd5 Bxd5 24. cxd5 Qb6 25. h4 h6 26. Bxh6 Bxf2+ 27. Kh2 Nf6 28. Bg5 Nh7 29. Bd2 b4 30. Bh3 Rxc1 31. Rxc1 Bc5 32. g4 a5 33. g5 Nf8 34. h5 Qd8 35. Qf3 a4 36. Rf1 Qe7 37. Kh1 axb3 38. axb3 Ra2 39. Bc1 Rc2 40. g6 f6 41. Bf5 Qc7 42. h6 Bd4 43. Be6+ Nxe6 44. dxe6 Rxc1 45. e7 Qc8 46. Qf5 Rxf1+ 47. Qxf1 gxh6 48. Qc4+ Qxc4 49. e8=Q+ Kg7 50. bxc4 1-0

[Event "European Online Club-ch-H 2021"]
[Site "Online"]
[Date "2021.03.27"]
[Round "9.6"]
[White "Glek, Igor"]
[Black "Bromann, Thorbjorn"]
[Result "1-0"]
[ECO "B06"]
[WhiteElo "2475"]
[BlackElo "2392"]
[Annotator "ChessBase"]
[PlyCount "47"]
[EventDate "2021.03.27"]
[EventType "team-tourn"]
[EventCountry "NET"]
[SourceTitle "playchess.com"]
[Source "ChessBase"]
[SourceQuality "1"]
[TimeControl "900+5"]

1. e4 g6 2. d4 Bg7 3. Nc3 d6 4. f4 a6 5. Nf3 b5 6. a4 b4 7. Nd5 Bb7 8. Bd3 c5 9. dxc5 dxc5 10. Ne3 Nd7 11. a5 Qc7 12. Nc4 Ngf6 13. Qe2 O-O 14. O-O Bc6 15. e5 Nd5 16. f5 e6 17. f6 Bh8 18. Bh6 Rfd8 19. Rae1 Bb5 20. Qf2 Bxc4 21. Bxc4 N7xf6 22. exf6 Nxf6 23. Qh4 Rd7 24. Rxe6 1-0

[Event "European Online Club-ch-H 2021"]
[Site "Online"]
[Date "2021.03.27"]
[Round "9.7"]
[White "Aabling-Thomsen, Jakob"]
[Black "Harff, Marcel"]
[Result "1/2-1/2"]
[ECO "C00"]
[WhiteElo "2348"]
[BlackElo "2360"]
[Annotator "NA"]
[PlyCount "117"]
[EventDate "2021.03.27"]
[EventType "team-tourn"]
[EventCountry "NET"]
[SourceTitle "playchess.com"]
[Source "ChessBase"]
[SourceQuality "1"]
[TimeControl "900+5"]

1. e4 e6 2. Qe2 c5 3. Nf3 Nc6 4. g3 Nf6 5. Bg2 Be7 6. O-O d5 7. d3 b5 8. e5 Nd7 9. h4 a5 10. h5 h6 11. Bf4 g5 12. hxg6 fxg6 13. c4 bxc4 14. dxc4 Ba6 15. Na3 g5 16. Bc1 Qb6 17. Qc2 O-O-O 18. cxd5 Nb4 19. Qd1 g4 20. Nh2 Nxe5 21. Re1 Nbd3 22. Re3 Bg5 23. Nxg4 Bxe3 24. Nxe3 c4 25. b3 Rhf8 26. Naxc4 Bxc4 27. bxc4 Nxf2 28. Qb3 Qxb3 29. axb3 exd5 30. Nxd5 Nfg4 31. Bf4 Kd7 32. Rxa5 Ke6 33. Ra6+ Kf7 34. Ra7+ Rd7 35. Ra6 Rb8 36. Bxe5 Nxe5 37. Rxh6 Rxb3 38. Bh3 Rdb7 39. Rh7+ Kg6 40. Rxb7 Rxb7 41. c5 Rb1+ 42. Kf2 Nd3+ 43. Ke3 Nxc5 44. Kd4 Nb3+ 45. Ke5 Re1+ 46. Kf4 Nd4 47. Bd7 Rf1+ 48. Kg4 Kf7 49. Nf4 Nc2 50. Kg5 Ke7 51. Bb5 Rg1 52. g4 Nd4 53. Bd3 Rg3 54. Ng6+ Kd6 55. Bf5 Nf3+ 56. Kf6 Nh2 57. Ne5 Nxg4+ 58. Nxg4 Rxg4 59. Bxg4 1/2-1/2

[Event "European Online Club-ch-H 2021"]
[Site "Online"]
[Date "2021.03.27"]
[Round "9.8"]
[White "Ahn, Martin"]
[Black "Carstensen, Jacob"]
[Result "0-1"]
[ECO "B53"]
[WhiteElo "2171"]
[BlackElo "2361"]
[Annotator "NA"]
[PlyCount "108"]
[EventDate "2021.03.27"]
[EventType "team-tourn"]
[EventCountry "NET"]
[SourceTitle "playchess.com"]
[Source "ChessBase"]
[SourceQuality "1"]
[TimeControl "900+5"]

1. e4 c5 2. Nf3 d6 3. d4 Nf6 4. Nc3 cxd4 5. Qxd4 a6 6. e5 Nc6 7. Qa4 dxe5 8. Nxe5 Bd7 9. Nxd7 Nxd7 10. Be3 e6 11. O-O-O Be7 12. Qg4 h5 13. Qg3 Qa5 14. Bc4 h4 15. Qf4 g5 16. Qf3 Nde5 17. Qe2 Nxc4 18. Qxc4 Rc8 19. Kb1 O-O 20. Bd2 Ne5 21. Qb3 Nc4 22. Ne4 Qf5 23. Rhe1 Rfd8 24. f3 b5 25. Bc3 Ne3 26. Rxd8+ Rxd8 27. Ba5 Nxg2 28. Bxd8 Nxe1 29. Bxe7 Nxf3 30. Nf6+ Kg7 31. Qc3 Nxh2 32. a3 Kg6 33. Qc8 Qf1+ 34. Ka2 Qc4+ 35. Qxc4 bxc4 36. b4 cxb3+ 37. cxb3 h3 38. Ne4 g4 39. Bd6 Nf1 40. b4 f5 41. Nf2 h2 42. Nh1 Kf6 43. a4 e5 44. b5 axb5 45. axb5 g3 46. b6 g2 47. b7 gxh1=Q 48. b8=Q Qd5+ 49. Ka3 h1=Q 50. Qd8+ Kg6 51. Qe8+ Qf7 52. Qxe5 Qf3+ 53. Kb4 Q3b3+ 54. Kc5 Qfc4# 0-1

[Event "European Online Club-ch-H 2021"]
[Site "Online"]
[Date "2021.03.27"]
[Round "9.9"]
[White "Kazakov, Mikhail"]
[Black "Mamedov, Rauf"]
[Result "0-1"]
[ECO "E61"]
[WhiteElo "2516"]
[BlackElo "2654"]
[Annotator "ChessBase"]
[PlyCount "94"]
[EventDate "2021.03.27"]
[EventType "team-tourn"]
[EventCountry "NET"]
[SourceTitle "playchess.com"]
[Source "ChessBase"]
[SourceQuality "1"]
[TimeControl "900+5"]

1. d4 Nf6 2. c4 g6 3. Nc3 Bg7 4. Nf3 O-O 5. Bg5 h6 6. Bh4 d6 7. e3 c5 8. d5 e5 9. dxe6 Bxe6 10. Be2 Nc6 11. O-O Qb6 12. Rb1 Rad8 13. Qb3 Qxb3 14. axb3 g5 15. Bg3 d5 16. Rfd1 d4 17. exd4 cxd4 18. Nb5 Ne4 19. Nc7 Bf5 20. Bd3 Nb4 21. Ne1 Rd7 22. Nd5 Nxd5 23. cxd5 Rxd5 24. f3 Nc5 25. Bxf5 Rxf5 26. b4 Na6 27. Nd3 Rb5 28. Rbc1 Rd8 29. Rc4 Bf8 30. Be1 Nb8 31. h4 f6 32. hxg5 hxg5 33. Nc5 Bxc5 34. bxc5 Nc6 35. b4 Kf7 36. Ra1 Ke6 37. Ra4 Kd5 38. Rc1 Re8 39. Kf2 a6 40. Bd2 Ne5 41. Rd1 Nd3+ 42. Kg3 Nb2 43. Raa1 Nxd1 44. Rxd1 Kc4 45. Kf2 a5 46. bxa5 Kxc5 47. Rc1+ Kd5 0-1

[Event "European Online Club-ch-H 2021"]
[Site "Online"]
[Date "2021.03.27"]
[Round "9.10"]
[White "Asadli, Vugar"]
[Black "Sabuk, Piotr"]
[Result "1-0"]
[ECO "C47"]
[WhiteElo "2572"]
[BlackElo "2366"]
[Annotator "ChessBase"]
[PlyCount "117"]
[EventDate "2021.03.27"]
[EventType "team-tourn"]
[EventCountry "NET"]
[SourceTitle "playchess.com"]
[Source "ChessBase"]
[SourceQuality "1"]
[TimeControl "900+5"]

1. e4 e5 2. Nf3 Nc6 3. Nc3 Nf6 4. a3 g6 5. Bc4 Bg7 6. d3 d6 7. h3 Be6 8. Bxe6 fxe6 9. O-O Nh5 10. Ne2 O-O 11. c3 Rxf3 12. gxf3 Qh4 13. Kg2 Rf8 14. Be3 Nd8 15. d4 Nf7 16. Qd2 Bh6 17. Bxh6 Nxh6 18. dxe5 dxe5 19. Rg1 Nf7 20. Rh1 Ng5 21. Ng1 Nf4+ 22. Kf1 Nf7 23. Rd1 Nd6 24. Ne2 Nxe4 25. Qe3 Nxh3 26. Rh2 Neg5 27. Qxe5 Qa4 28. Re1 Qa6 29. Rxh3 Nxh3 30. Kg2 Rf5 31. Qxc7 Ng5 32. Nd4 Rf8 33. Qe5 h6 34. f4 Nf7 35. Qf6 Nh8 36. Qe5 Nf7 37. Qxe6 Qxe6 38. Rxe6 g5 39. fxg5 hxg5 40. Re7 Nd6 41. Rd7 Rf6 42. f3 a5 43. a4 b6 44. Kg3 Nc4 45. b3 Ne5 46. Rd5 Nf7 47. Nf5 Kh7 48. Kg4 Kg6 49. Ne7+ Kg7 50. Nf5+ Kg6 51. Nd4 Rf4+ 52. Kg3 Rf6 53. b4 Nd6 54. bxa5 bxa5 55. Rxa5 Nc4 56. Rc5 Ne3 57. Rc6 Nf5+ 58. Nxf5 Rxc6 59. Ne7+ 1-0

[Event "European Online Club-ch-H 2021"]
[Site "Online"]
[Date "2021.03.27"]
[Round "9.11"]
[White "Valuet, Bertrand"]
[Black "Suleymanli, Aydin"]
[Result "0-1"]
[ECO "B18"]
[WhiteElo "2217"]
[BlackElo "2512"]
[Annotator "ChessBase"]
[PlyCount "48"]
[EventDate "2021.03.27"]
[EventType "team-tourn"]
[EventCountry "NET"]
[SourceTitle "playchess.com"]
[Source "ChessBase"]
[SourceQuality "1"]
[TimeControl "900+5"]

1. e4 c6 2. d4 d5 3. Nc3 dxe4 4. Nxe4 Bf5 5. Bd3 e6 6. Nf3 Nd7 7. Bf4 Ndf6 8. Nxf6+ Nxf6 9. Bxf5 Qa5+ 10. Qd2 Qxf5 11. Ne5 Qe4+ 12. Kf1 Rd8 13. c3 c5 14. Rd1 cxd4 15. Re1 Qd5 16. c4 Qc5 17. a3 a5 18. Qc2 b5 19. b4 axb4 20. axb4 d3 21. Qa2 Qd4 22. Bd2 Ne4 23. Rxe4 Qxe4 24. Bc3 d2 0-1

[Event "European Online Club-ch-H 2021"]
[Site "Online"]
[Date "2021.03.27"]
[Round "9.12"]
[White "Sadikhov, Ulvi"]
[Black "Santamaria, Jorge"]
[Result "1-0"]
[ECO "B01"]
[WhiteElo "2490"]
[BlackElo "2185"]
[Annotator "ChessBase"]
[PlyCount "93"]
[EventDate "2021.03.27"]
[EventType "team-tourn"]
[EventCountry "NET"]
[SourceTitle "playchess.com"]
[Source "ChessBase"]
[SourceQuality "1"]
[TimeControl "900+5"]

1. e4 d5 2. exd5 Qxd5 3. Nc3 Qd6 4. Nf3 Nf6 5. d4 c6 6. g3 Bg4 7. Bg2 e6 8. O-O Be7 9. h3 Bh5 10. Ne2 O-O 11. Nf4 Bxf3 12. Bxf3 Rd8 13. c3 Qc7 14. Qe2 Bd6 15. Nd3 Nbd7 16. Re1 a5 17. a4 Re8 18. Be3 Nd5 19. Bd2 N5f6 20. Kg2 Rad8 21. Rad1 b6 22. g4 Nd5 23. c4 Nb4 24. Bxb4 axb4 25. b3 c5 26. d5 Re7 27. Qd2 Nf8 28. dxe6 Nxe6 29. Bd5 Nf4+ 30. Nxf4 Rxe1 31. Rxe1 Bxf4 32. Qe2 Bd6 33. Qe4 g6 34. Re3 Kf8 35. Rf3 Rd7 36. Qe3 Kg7 37. h4 Be5 38. h5 h6 39. hxg6 fxg6 40. Rh3 Bf4 41. Qe6 Qd6 42. Qg8+ Kf6 43. Rf3 Kg5 44. Rd3 Qf6 45. Rh3 Re7 46. Rh5+ Kxg4 47. Bf3# 1-0

[Event "European Online Club-ch-H 2021"]
[Site "Online"]
[Date "2021.03.27"]
[Round "9.13"]
[White "Manik, Mikulas"]
[Black "Banusz, Tamas"]
[Result "1/2-1/2"]
[ECO "C47"]
[WhiteElo "2353"]
[BlackElo "2631"]
[Annotator "ChessBase"]
[PlyCount "110"]
[EventDate "2021.03.27"]
[EventType "team-tourn"]
[EventCountry "NET"]
[SourceTitle "playchess.com"]
[Source "ChessBase"]
[SourceQuality "1"]
[TimeControl "900+5"]

1. e4 e5 2. Nf3 Nc6 3. d4 exd4 4. Nxd4 Nf6 5. Nc3 Bb4 6. Nxc6 bxc6 7. Bd3 d5 8. Bd2 O-O 9. O-O Rb8 10. exd5 cxd5 11. a3 Bd6 12. Nb5 Be5 13. Rb1 Bd7 14. Nc3 c5 15. Bg5 c4 16. Be2 Be6 17. Bf3 d4 18. Ne4 h6 19. Bh4 g5 20. Bg3 Bxg3 21. Nxf6+ Qxf6 22. hxg3 Rfd8 23. Bg4 Bxg4 24. Qxg4 d3 25. cxd3 cxd3 26. b4 d2 27. Rfd1 Rd3 28. Qe2 Rbd8 29. a4 Qc3 30. b5 R3d6 31. Kh2 Re6 32. Qf3 Qa5 33. Rb2 Rd4 34. Qb3 Red6 35. Rc2 Rd8 36. Rc4 Rd3 37. Qc2 R3d4 38. Rc6 Qxa4 39. Rxd2 Qxc2 40. Rdxc2 Kg7 41. Ra6 R8d7 42. b6 axb6 43. Rxb6 R4d6 44. Rxd6 Rxd6 45. g4 Kg6 46. f3 h5 47. gxh5+ Kxh5 48. g4+ Kh4 49. Kg2 f6 50. Rb2 Rc6 51. Rd2 Ra6 52. Re2 Rb6 53. Rd2 Ra6 54. Re2 Rb6 55. Rd2 Ra6 1/2-1/2

[Event "European Online Club-ch-H 2021"]
[Site "Online"]
[Date "2021.03.27"]
[Round "9.14"]
[White "Braun, Arik"]
[Black "Danada, Tomas"]
[Result "1-0"]
[ECO "A21"]
[WhiteElo "2609"]
[BlackElo "2321"]
[Annotator "ChessBase"]
[PlyCount "99"]
[EventDate "2021.03.27"]
[EventType "team-tourn"]
[EventCountry "NET"]
[SourceTitle "playchess.com"]
[Source "ChessBase"]
[SourceQuality "1"]
[TimeControl "900+5"]

1. c4 e5 2. Nc3 Bb4 3. Qc2 Nf6 4. e3 O-O 5. Nge2 Re8 6. a3 Bf8 7. d3 c6 8. d4 d5 9. dxe5 Rxe5 10. cxd5 cxd5 11. Nd4 Nc6 12. Be2 Qb6 13. Nxc6 bxc6 14. O-O Bf5 15. Bd3 Bxd3 16. Qxd3 Rae8 17. b4 a5 18. b5 c5 19. Bb2 Rh5 20. Ne2 Bd6 21. h3 Ne4 22. a4 Re6 23. Nf4 Bxf4 24. exf4 Rg6 25. Rad1 Qe6 26. Rfe1 h6 27. Re3 Qf5 28. Rf3 d4 29. Re1 Nd6 30. Bc1 Qxd3 31. Rxd3 Re6 32. Kf1 Rd5 33. Rb3 c4 34. Rb1 c3 35. Rb3 Nc4 36. Rd1 c2 37. Rdd3 Re4 38. b6 Rd8 39. b7 Rb8 40. f5 Re7 41. Rxd4 Ne5 42. Rc3 Rexb7 43. Rxc2 Rb1 44. Ke2 R8b4 45. Rd8+ Kh7 46. Rcc8 g6 47. f6 g5 48. Rg8 Re4+ 49. Be3 Rb2+ 50. Kd1 1-0